AoeStats
← reeree

Socotra

506078679Analyzed
2v2 RM · 20d ago on Sep 12, 2026· 44m 9s· 4 players
Game mode
Random Map
Map size
Tiny (2 player)
Population
200
Speed
Normal
Resources
Standard
Victory
Conquest
Starting age
Dark Age
Ending age
Imperial Age
RankedLock teamsTeams togetherTeam positionsShared explorationLock speedFull tech treeHidden civsTurbo modeCheats
Victory
Defeat
🇻🇳 Spanish · Vietnam
1180
+11
🇹🇼 Dravidians · Taiwan
1143
+12
🇦🇺 Khmer · Australia
1062
-12
🇦🇺 Armenians · Australia
1061
-11
Andre114514
6:49 Loom
9:34 Feudal Age
13:41 Double-Bit Axe
24:13 Castle Age
24:32 Town Watch
25:16 Bow Saw
25:25 Elite Skirmisher
25:57 Fletching
26:07 Padded Archer Armor
27:18 Bodkin Arrow
30:28 Leather Archer Armor
31:02 Horse Collar
32:02 Wheelbarrow
32:15 Heavy Plow
33:35 Ballistics
34:25 Scale Mail Armor
34:36 Forging
35:38 Gold Mining
35:38 Stone Mining
37:55 Chain Mail Armor
38:04 Squires
39:52 Hand Cart
41:19 Iron Casting
46:31 Imperial Age
Lam
5:26 Loom
8:34 Feudal Age
9:41 Double-Bit Axe
15:16 Horse Collar
16:49 Bloodlines
19:58 Forging
20:09 Scale Mail Armor
24:32 Castle Age
24:02 Wheelbarrow
25:50 Gold Mining
27:55 Husbandry
31:27 Scale Barding Armor
38:31 Bow Saw
41:03 Heavy Plow
43:01 Iron Casting
42:42 Chain Mail Armor
reeree
8:39 Loom
11:50 Feudal Age
12:18 Man-at-Arms
13:15 Long Swordsman
13:42 Arson
14:49 Scale Mail Armor
15:01 Forging
27:15 Horse Collar
27:20 Double-Bit Axe
30:32 Castle Age
29:02 Gold Mining
30:19 Pikeman
32:29 Wheelbarrow
32:00 Gambesons
32:22 Squires
32:28 Two-Handed Swordsman
34:02 Chain Mail Armor
36:52 Iron Casting
36:32 Heavy Plow
38:21 Bow Saw
mc394
11:22 Feudal Age
12:34 Double-Bit Axe
16:27 Fletching
16:55 Gold Mining
18:58 Padded Archer Armor
24:07 Castle Age
23:15 Wheelbarrow
22:47 Stone Mining
23:23 Horse Collar
24:08 Crossbowman
24:44 Bodkin Arrow
25:25 Bow Saw
25:56 Leather Archer Armor
31:59 Imperial Age
Connection lost

Rejoining the realm…

Still unreachable

The connection could not be restored.

Session expired

The server has moved on; the page needs a fresh start.